 Seeded DCSS version 0.30-a0-772-g5528072125 (webtiles) character file.

Game seed: 20230212 (custom seed)

140103 a11behringer the Severer (level 16, -10/146 (149) HPs)
             Began as a Minotaur Fighter on Feb 12, 2023.
             Was the Champion of Okawaru.
             Mangled by an iron troll (14 damage)
             ... while paralysed by a floating eye
             ... on level 2 of the Depths on Feb 13, 2023.
             The game lasted 01:23:29 (21831 turns).

a11behringer the Severer (Minotaur Fighter)        Turns: 21831, Time: 01:23:29

HP:   -10/146 (149) AC: 37    Str: 29    XL:     16   Next: 75%
MP:   14/21         EV:  2    Int:  5    God:    Okawaru [******]
Gold: 1480          SH:  0    Dex: 16    Spells: 15/15 levels left

rFire   + + .      SeeInvis .    r - +5 war axe (heavy)
rCold   + + .      Faith    .    w - +2 shield of Resistance {rF++ rC++ Will++}
rNeg    . . .      Spirit   .    L - +3 crystal plate armour
rPois   .          Reflect  .    u - +2 hat
rElec   .          Harm     .    i - scarf {repulsion}
rCorr   .          Rampage  .    e - +2 pair of gloves
Will    +++..                    G - +0 pair of boots Stlth
                                 n - amulet of regeneration
HPRegen 1.24/turn                d - +6 ring of dexterity
MPRegen 0.17/turn                K - +4 ring of slaying

@: paralysed, heroic, finesse-ful, marked, flayed, lightly drained, repel
missiles
A: horns 2, retaliatory headbutt
a: Renounce Religion, Heroism, Finesse, Duel


You were on level 2 of the Depths.
You worshipped Okawaru.
Okawaru was exalted by your worship.
You visited 5 branches of the dungeon, and saw 25 of its levels.
You also visited: Sewer, Bailey and Ice Cave.

You collected 3603 gold pieces.
You spent 2123 gold pieces at shops.

Inventory:

Hand Weapons
 o - a +3 war axe of freezing
 q - a +2 morningstar of holy wrath
 r - a +5 heavy war axe (weapon)
 t - a +2 longbow of flaming
 N - a +3 sling of freezing
 Z - the +1 mace of a Hundred Ears {heavy, Str+2 SInv Stlth+}
   (You found it in a bailey)

   Str:       It affects your strength (+2).
   SInv:      It lets you see invisible.
   Stlth:     It makes you more stealthy.
Armour
 e - a +2 pair of gloves (worn)
 i - a scarf of repulsion (worn)
 u - a +2 hat (worn)
 w - the +2 shield of Resistance (worn) {rF++ rC++ Will++}
   (You bought it in a shop on level 13 of the Dungeon)

   rF:        It greatly protects you from fire.
   rC:        It greatly protects you from cold.
   Will:      It greatly increases your willpower.
 A - +2 ice dragon scales
 G - a +0 pair of boots (worn)
 H - the +5 kite shield of Toothy Contentment {Fly}
   (You acquired it on level 4 of the Lair of Beasts)

   Fly:       It grants you flight.
 L - a +3 crystal plate armour (worn)
Jewellery
 d - a +6 ring of dexterity (left hand)
 n - an amulet of regeneration (around neck)
 K - a +4 ring of slaying (right hand)
 R - the ring "Fuemo" {Fire Will++ MP+9 Dex-4 SInv}
   (You found it on level 3 of the Lair of Beasts)

   [ring of fire]

   It enhances your fire magic.
   Dex:       It affects your dexterity (-4).
   rF:        It protects you from fire.
   rC:        It makes you vulnerable to cold.
   MP:        It affects your magic capacity (+9).
   SInv:      It lets you see invisible.
   Will:      It greatly increases your willpower.
 S - a ring of protection from fire
 V - a ring of flight
 X - a ring of protection from fire
Wands
 D - a wand of mindburst (9)
 I - a wand of flame (29)
 P - a wand of iceblast (12)
 Q - a wand of acid (6)
Scrolls
 c - a scroll of silence
 g - 4 scrolls of magic mapping
 h - 8 scrolls of fog
 j - 3 scrolls of blinking
 m - 10 scrolls of teleportation
 y - 5 scrolls of vulnerability
 M - 2 scrolls of poison
 T - 5 scrolls of fear
 W - a scroll of torment
Potions
 b - 4 potions of attraction
 f - 7 potions of heal wounds
 k - 2 potions of magic
 p - 2 potions of berserk rage
 s - a potion of invisibility
 v - 2 potions of brilliance
 x - 9 potions of haste
 z - a potion of experience {unknown}
 B - 3 potions of cancellation
 C - 3 potions of resistance
 E - 5 potions of flight
 F - 2 potions of might
 J - 5 potions of curing
 O - a potion of degeneration {unknown}
 U - a potion of ambrosia {unknown}
 Y - 2 potions of mutation
Miscellaneous
 a - a condenser vane
 l - a phial of floods


   Skills:
 + Level 15.5(20.5) Fighting
 * Level 18.5(24.6) Axes
 - Level 10.8(20.9) Maces & Flails
 + Level 3.4(8.4) Ranged Weapons
 + Level 15.6(20.6) Armour
 + Level 12.7(17.7) Dodging
 + Level 13.6(18.6) Shields
 + Level 8.0 Invocations


You had 15 spell levels left.
You didn't know any spells.
Your spell library contained the following spells:

 Spells                   Type           Power      Damage    Failure   Level
 Beastly Appendage        Tmut           0%         N/A       100%        1
 Necrotise                Necr           0%         1d4       100%        1
 Sandblast                Erth           0%         2d4       100%        1
 Sting                    Tmut/Pois      0%         1d3       100%        1
 Cigotuvi's Dreadful Rot  Necr/Pois/Air  0%         N/A       100%        2
 Ensorcelled Hibernation  Hex/Ice        0%         N/A       100%        2
 Lesser Beckoning         Tloc           0%         N/A       100%        2
 Passwall                 Tmut/Erth      0%         N/A       100%        2
 Poisonous Vapours        Pois/Air       0%         N/A       100%        2
 Scorch                   Fire           0%         2d5       100%        2
 Wereblood                Tmut           0%         N/A       100%        2
 Frozen Ramparts          Ice            0%         1d1       100%        3
 Gell's Gravitas          Tloc           0%         N/A       100%        3
 Mephitic Cloud           Conj/Pois/Air  0%         N/A       100%        3
 Spider Form              Tmut/Pois      0%         N/A       100%        3
 Stone Arrow              Conj/Erth      0%         3d7       100%        3
 Teleport Other           Tloc           0%         N/A       100%        3
 Vampiric Draining        Necr           0%         2d6       100%        3
 Anguish                  Hex/Necr       0%         N/A       100%        4
 Dispel Undead            Necr           0%         3d6       100%        4
 Flame Wave               Conj/Fire      0%         2d4       100%        4
 Ice Form                 Ice/Tmut       0%         N/A       100%        4
 Passage of Golubria      Tloc           0%         N/A       100%        4
 Petrify                  Tmut/Erth      0%         N/A       100%        4
 Agony                    Necr           0%         N/A       100%        5
 Silence                  Hex/Air        0%         N/A       100%        5
 Yara's Violent Unravell  Hex/Tmut       0%         3d3       100%        5
 Statue Form              Tmut/Erth      0%         N/A       100%        6
 Dragon Form              Tmut           0%         N/A       100%        7
 Lehudib's Crystal Spear  Conj/Erth      0%         10d2      100%        8
 Tukima's Dance           Hex            Unusable   N/A       N/A         3
 Summon Ice Beast         Ice/Summ       Unusable   N/A       N/A         4
 Death Channel            Necr           Unusable   N/A       N/A         6
 Summon Cactus Giant      Summ           Unusable   N/A       N/A         6

Dungeon Overview and Level Annotations

Branches:
Dungeon (15/15)            Temple (1/1) D:7            Lair (5/5) D:10
  Snake (0/4) Lair:2        Slime (0/5) Lair:4          Orc (2/2) D:11
    Elf (0/3) Orc:2        Vaults (0/5) D:14         Depths (2/4) D:15
  Sewer (visited)          Bailey (visited)           IceCv (visited)
  Swamp: Lair:2-3    Shoals: Lair:2-3

Altars:
Ashenzari
Cheibriados
Dithmenos
Elyvilon
Fedhas
Gozag
Hepliaklqana
Kikubaaqudgha
Makhleb
Nemelex Xobeh
Okawaru
Qazlal
Ru
Sif Muna
Trog
Uskayaw
Vehumet
Wu Jian
Xom
Yredelemnul
Zin
The Shining One
Jiyva
Lugonu

Shops:
D:2 ?   D:3 (   D:13 [?   Orc:1 *   Orc:2 =[[?*

Portals:
Hell: Depths:1
Abyss: Lair:5
Pandemonium: Depths:2

Annotations:
Lair:4 1 runed translucent door


Innate Abilities, Weirdness & Mutations

You have a pair of horns on your head.
You reflexively headbutt those who attack you in melee.


Message History

A stone giant comes into view.
The walking crystal tome erupts in a flurry of living spells!
A lich comes into view.
The iron troll bites you!!
The iron troll claws you but does no damage. x2
The lich touches you.
You feel drained.
The iron troll bites you but does no damage.
The iron troll claws you.
The iron troll claws you but does no damage.
The spriggan defender hits you with a +1 flail of protection.
The lich touches you!
The deep troll bites you but does no damage.
The deep troll barely misses you.
The deep troll claws you but does no damage.
The walking crystal tome hits you!
A frost giant comes into view.
It is wielding a +1 battleaxe of freezing.
The spriggan defender hits you but does no damage.
The iron troll bites you but does no damage.
The iron troll claws you!
* * * LOW HITPOINT WARNING * * *
The iron troll claws you!
* * * LOW HITPOINT WARNING * * *
The lich touches you but does no damage.
The spriggan defender hits you but does no damage.
The deep troll bites you but does no damage.
The deep troll claws you but does no damage. x2
The frost giant casts a spell at you.
The bolt of cold hits the living spell!!
The living spell is destroyed!
The bolt of cold hits the lich!
The lich resists.
The bolt of cold hits you! You resist.
* * * LOW HITPOINT WARNING * * *
The flayed ghost cries, "Feel what I felt!"
Terrible wounds open up all over your body!
* * * LOW HITPOINT WARNING * * *
The iron troll bites you.
* * * LOW HITPOINT WARNING * * *
The iron troll claws you but does no damage.
The iron troll claws you!
You die...

..
#.................###.
...##........##........
...L#........#.<........
#..y##..###..#..........
..i#.##.##.............
.CW....#....
#i##.##.....
##Di###......
#*QL@TT.....
#CL;TT.....!
#.QD.**G.....
#CC*.*...∩...
#..#####...... ....
#..... ..#. #.... ..
....


You could see a golden dragon, a storm dragon, 2 frost giants, a walking crystal
tome, 3 iron trolls, 2 stone giants, 3 liches, 2 spriggan defenders, a spark
wasp, a flayed ghost, 2 tengu warriors, a deep troll, a spriggan air mage
(repels missiles), a floating eye and 5 living crystal spells.

Vanquished Creatures
  A golden dragon (Depths:2)
  An Ice Fiend (IceCv)
  An ancient champion (Depths:1)
  Gastronok (Lair:2)
  A tengu reaver (Depths:2)
  An emperor scorpion (D:15)
  Roxanne (D:15)
  An iron dragon (Depths:1)
  A balrug (Depths:1)
  A caustic shrike zombie (Depths:2)
  4 stone giants (Depths:1)
  An orc warlord (Orc:1)
  5 very ugly things
  Nessos (D:15)
  A dire elephant (D:15)
  2 fire dragons
  Josephine (Lair:4)
  2 ettins (Depths:1)
  A great orb of eyes (D:15)
  A vault guard (D:14)
  3 hydras
  Harold (Lair:2)
  A caustic shrike simulacrum (IceCv)
  A hell beast (Depths:1)
  An ogre mage (Orc:2)
  The ghost of Vade Gum the Slicer, a journeyman DsGl of Uskayaw (Lair:3)
  2 ice dragons (Depths:1)
  9 centaur warriors
  A catoblepas (D:14)
  5 boulder beetles
  A death yak (Lair:4)
  3 deep troll earth magi (Depths:2)
  Erica (Lair:1)
  5 tengu warriors
  6 two-headed ogres
  3 thrashing horrors (Lair:5)
  A deep troll shaman (Depths:2)
  Urug (Lair:5)
  Nergalle (Lair:1)
  Sonja (Lair:4)
  Amaemon (Lair:1)
  An iron troll (Depths:2)
  A storm dragon skeleton (Depths:1)
  Lodul (D:10)
  2 skysharks
  2 fire crabs
  A bog body (IceCv)
  A glowing orange brain (shapeshifter) (D:15)
  2 deep trolls (Depths:2)
  A wizard (D:14)
  7 spriggan simulacra (IceCv)
  2 necromancers (Depths:1)
  An obsidian statue (IceCv)
  2 large abominations (Lair:5)
  2 deep elf pyromancers (D:15)
  A sphinx zombie (Depths:2)
  2 manticores
  An orc knight (Orc:1)
  10 orc sorcerers (Orc:2)
  8 cyclopes
  23 ugly things
  A moth of wrath (shapeshifter) (Lair:5)
  4 elephants (Lair:3)
  Joseph (D:8)
  A smoke demon (Lair:5)
  The ghost of Farfigtubin the Chopper, a novice HOFi (D:5)
  5 black mambas
  3 gargoyles
  Maggie (D:10)
  An orange demon (Lair:1)
  2 unseen horrors
  11 cane toads
  4 komodo dragons
  2 rime drakes
  2 tengu conjurers
  8 ice devils (IceCv)
  Psyche (D:10)
  3 freezing wraiths (IceCv)
  An efreet (D:15)
  3 ancient zymes (Lair:5)
  10 trolls
  2 golden dragon simulacra (IceCv)
  Grinder (D:5)
  3 polar bears
  A polar bear (shapeshifter) (D:15)
  A tengu simulacrum (Depths:1)
  18 blink frogs
  A wind drake (shapeshifter) (D:13)
  2 hornets
  11 dream sheep
  12 slime creatures
  A spriggan zombie (Depths:1)
  A stone giant simulacrum (Depths:1)
  A vampire (D:12)
  6 spriggans
  2 shadows (D:10)
  5 wraiths
  4 ynoxinuls (Lair:5)
  11 water elementals
  6 wyverns
  A dire elephant simulacrum (IceCv)
  10 basilisks
  32 yaks
  A chaos spawn (Lair:5)
  A steam dragon (Bailey)
  8 minotaur simulacra (IceCv)
  2 humans (shapeshifter)
  7 vampire mosquitoes
  Menkaure (D:5)
  A redback simulacrum (D:14)
  5 wargs
  9 water moccasins
  3 alligator simulacra (IceCv)
  2 black bears
  22 ogres
  27 orc warriors
  16 wolves
  12 centaurs
  10 small abominations (Lair:5)
  A phantom (D:6)
  10 kobold brigands
  13 bullfrogs
  2 gnoll sergeants (D:8)
  A glowing shapeshifter simulacrum (Depths:1)
  9 deep troll simulacra (IceCv)
  A scorpion (D:5)
  9 wights
  3 lindwurm simulacra (IceCv)
  9 killer bees
  2 electric eels
  8 howler monkeys
  2 quasits (D:5)
  18 orc priests
  4 hounds
  3 jellies
  Terence (D:3)
  5 gnoll boudas (D:9)
  38 orc wizards
  11 adders
  28 gnolls
  2 river rats (D:5)
  8 worms
  A dart slug (D:2)
  97 orcs
  8 ball pythons
  5 endoplasms
  5 giant cockroaches
  9 hobgoblins
  5 quokkas
  6 bats
  7 frilled lizards
  10 goblins
  42 kobolds
  16 rats
872 creatures vanquished.

Vanquished Creatures (others)
  A fire giant (Depths:1)
  A manticore (D:14)
  30 fungi
  77 plants
109 creatures vanquished.

Grand Total: 981 creatures vanquished

Notes
Turn   | Place    | Note
-------+----------+-------------------------------------------
     0 | D:1      | a11behringer the Minotaur Fighter began the quest for the
                  | Orb.
     0 | D:1      | Reached XP level 1. HP: 19/19 MP: 0/0
   279 | D:1      | Reached XP level 2. HP: 21/27 MP: 1/1
   328 | D:1      | Reached skill level 3 in Axes
   617 | D:1      | Reached XP level 3. HP: 33/33 MP: 2/2
  1124 | D:2      | Reached XP level 4. HP: 40/40 MP: 3/3
  1197 | D:2      | Found Qicasoulohe's Magic Scroll Shoppe.
  1401 | D:2      | Reached skill level 4 in Axes
  1540 | D:2      | Found a faded altar of an unknown god.
  1671 | D:2      | Bought a scroll of identify for 20 gold pieces
  1790 | D:3      | Found Onkam's Weapon Boutique.
  2155 | D:3      | Found a glowing golden altar of the Shining One.
  2155 | D:3      | Found a glowing silver altar of Zin.
  2155 | D:3      | Found a white marble altar of Elyvilon.
  2236 | D:3      | Noticed Terence
  2241 | D:3      | Killed Terence
  2271 | D:3      | Reached XP level 5. HP: 47/47 MP: 4/4
  2477 | D:3      | Reached skill level 1 in Maces & Flails
  2765 | D:4      | Identified the +0 leather armour of the Lobster {Stlth+}
  2851 | D:4      | Found an opulent altar of Gozag.
  2970 | D:4      | Noticed an ogre
  2977 | D:4      | Killed an ogre
  2978 | D:4      | Reached XP level 6. HP: 17/55 MP: 5/5
  3148 | D:4      | Reached skill level 5 in Fighting
  3148 | D:4      | Reached skill level 5 in Armour
  3148 | D:4      | Reached skill level 5 in Shields
  3886 | D:5      | Entered Level 5 of the Dungeon
  3894 | D:5      | Found a shimmering altar of Xom.
  3958 | D:5      | Reached XP level 7. HP: 40/61 MP: 6/6
  4006 | D:5      | Found a transporter.
  4011 | D:5      | Noticed Farfigtubin's ghost (novice HOFi)
  4044 | D:5      | Found a transporter.
  4048 | D:5      | Noticed Menkaure
  4054 | D:5      | Killed Menkaure
  4055 | D:5      | Reached skill level 5 in Maces & Flails
  4138 | D:5      | Found a glowing drain.
  4144 | Sewer    | Entered a sewer
  4709 | D:5      | Noticed Grinder
  4714 | D:5      | Paralysed by Grinder for 3 turns
  4723 | D:5      | Killed Grinder
  4724 | D:5      | Reached XP level 8. HP: 68/71 MP: 7/7
  4851 | D:5      | Killed Farfigtubin's ghost
  4982 | D:6      | Found a basalt altar of Yredelemnul.
  4987 | D:6      | Found an ancient bone altar of Kikubaaqudgha.
  4987 | D:6      | Found a burning altar of Makhleb.
  4994 | D:6      | Found a shadowy altar of Dithmenos.
  4998 | D:6      | Found a radiant altar of Vehumet.
  5588 | D:6      | Reached XP level 9. HP: 74/80 MP: 8/8
  5735 | D:6      | Reached skill level 1 in Dodging
  5982 | D:7      | Found a hide-covered altar of Uskayaw.
  6038 | D:7      | Found a broken altar of Ashenzari.
  6099 | D:7      | Found a sparkling altar of Nemelex Xobeh.
  6180 | D:7      | Found a staircase to the Ecumenical Temple.
  6208 | Temple   | Entered the Ecumenical Temple
  6727 | D:8      | Found an iron altar of Okawaru.
  6742 | D:8      | Noticed Joseph
  6755 | D:8      | Killed Joseph
  6756 | D:8      | Reached skill level 10 in Maces & Flails
  6781 | D:8      | Became a worshipper of Warmaster Okawaru
  6984 | D:8      | Found a runed translucent door.
  7024 | D:8      | Reached * piety under Okawaru
  7087 | D:8      | Reached XP level 10. HP: 80/89 MP: 9/9
  7117 | D:8      | Reached skill level 5 in Axes
  7434 | D:9      | Reached skill level 6 in Axes
  7508 | D:9      | Reached ** piety under Okawaru
  7523 | D:9      | Reached skill level 5 in Dodging
  7791 | D:9      | Reached skill level 7 in Axes
  7886 | D:9      | Reached *** piety under Okawaru
  8066 | D:9      | Reached skill level 10 in Armour
  8220 | D:9      | Reached skill level 10 in Fighting
  8397 | D:10     | Entered Level 10 of the Dungeon
  8406 | D:10     | Noticed Lodul
  8407 | D:10     | Noticed a two-headed ogre
  8414 | D:10     | Killed a two-headed ogre
  8415 | D:10     | Reached skill level 8 in Axes
  8415 | D:10     | Reached XP level 11. HP: 86/99 MP: 7/10
  8416 | D:10     | Killed Lodul
  8420 | D:10     | Reached **** piety under Okawaru
  8436 | D:10     | Noticed Maggie
  8445 | D:10     | Killed Maggie
  8498 | D:10     | Found a flagged portal.
  8501 | D:10     | You fall into a shaft and drop 1 floor!
  8521 | D:11     | Noticed a boulder beetle
  8547 | D:11     | Killed a boulder beetle
  8570 | D:11     | Reached skill level 9 in Axes
  8605 | Bailey   | Entered a bailey
  8616 | Bailey   | Reached ***** piety under Okawaru
  8660 | Bailey   | Noticed a two-headed ogre
  8690 | Bailey   | Killed a two-headed ogre
  8732 | Bailey   | Identified the +1 mace of a Hundred Ears {heavy, Str+2 SInv
                  | Stlth+}
  8912 | D:10     | Noticed Psyche
  8918 | D:10     | Killed Psyche
  8961 | D:10     | Identified the +0 scale mail "Heazakhlucle" {rC+ Str+2
                  | Dex+2} (Okawaru gifted it to you on level 10 of the
                  | Dungeon)
  8961 | D:10     | Received a gift from Okawaru
  9054 | D:10     | Noticed a two-headed ogre
  9063 | D:10     | Killed a two-headed ogre
  9064 | D:10     | Reached skill level 10 in Axes
  9148 | D:10     | Found a staircase to the Lair.
  9303 | D:11     | Noticed a two-headed ogre
  9312 | D:11     | Killed a two-headed ogre
  9316 | D:11     | Reached XP level 12. HP: 56/110 MP: 11/11
  9424 | D:11     | Found a staircase to the Orcish Mines.
  9481 | D:11     | Noticed a two-headed ogre
  9488 | D:11     | Killed a two-headed ogre
  9874 | D:12     | Reached skill level 11 in Axes
 10396 | D:2      | Bought a scroll of identify for 20 gold pieces
 10396 | D:2      | Bought a scroll of identify for 20 gold pieces
 10396 | D:2      | Bought a scroll of blinking for 75 gold pieces
 10396 | D:2      | Bought a scroll of enchant armour for 75 gold pieces
 10602 | Lair:1   | Entered Level 1 of the Lair of Beasts
 10767 | Lair:1   | Noticed Nergalle
 10772 | Lair:1   | Noticed Erica
 10784 | Lair:1   | Killed Erica
 10788 | Lair:1   | Killed Nergalle
 10788 | Lair:1   | Identified the +0 ring mail of Indemnity {+Blink rF- rC+
                  | rN+++ Will-} (Okawaru gifted it to you on level 1 of the
                  | Lair of Beasts)
 10788 | Lair:1   | Received a gift from Okawaru
 10845 | Lair:1   | Noticed Amaemon
 10860 | Lair:1   | Killed Amaemon
 11467 | Lair:2   | Reached skill level 12 in Axes
 11494 | Lair:2   | Noticed Gastronok
 11498 | Lair:2   | Noticed Harold
 11534 | Lair:2   | Killed Harold
 11538 | Lair:2   | Killed Gastronok
 11708 | Lair:2   | Reached XP level 13. HP: 118/118 MP: 12/12
 11727 | Lair:2   | You fall into a shaft and drop 1 floor!
 11758 | Lair:3   | Found a runed translucent door.
 11764 | Lair:3   | Noticed Vade Gum's ghost (journeyman DsGl)
 11766 | Lair:3   | Identified the +2 trident "Coogudur" {flame, *Noise Str+2
                  | Int+2}
 11781 | Lair:3   | Identified the ring "Fuemo" {Fire Will++ MP+9 Dex-4 SInv}
 11797 | Lair:3   | Killed Vade Gum's ghost
 11895 | Lair:3   | Reached skill level 13 in Axes
 11993 | Lair:3   | Identified the +1 chain mail of the Enchanted Forest {*Slow
                  | MP+9 Int+3}
 12105 | Lair:2   | Found a staircase to the Snake Pit.
 12130 | Lair:2   | Received a gift from Okawaru
 12234 | Lair:2   | Identified the +1 ring mail of Indomitability {Rampage
                  | rElec rN+++ Str-4}
 12608 | Lair:3   | Reached skill level 10 in Shields
 12832 | Lair:4   | Found a runed translucent door.
 12832 | Lair:4   | Found a viscous altar of Jiyva.
 12835 | Lair:4   | Found a staircase to the Slime Pits.
 12845 | Lair:4   | Noticed Josephine
 12858 | Lair:4   | Killed Josephine
 12960 | Lair:4   | Received a gift from Okawaru
 12964 | Lair:4   | Reached skill level 1 in Invocations
 13081 | Lair:4   | Reached skill level 14 in Axes
 13104 | Lair:4   | Noticed Sonja
 13114 | Lair:4   | Killed Sonja
 13319 | Lair:4   | Identified the +5 war axe "Spider's Undoing" {heavy, rCorr
                  | Dex-4 Stlth+}
 13530 | Lair:4   | Identified 2 scrolls of acquirement
 13534 | Lair:4   | Acquired the +5 kite shield of Toothy Contentment {Fly}
 13891 | Lair:5   | Entered Level 5 of the Lair of Beasts
 14002 | Lair:5   | Noticed Urug
 14009 | Lair:5   | Killed Urug
 14115 | Lair:5   | Reached skill level 10 in Dodging
 14189 | Lair:5   | Reached XP level 14. HP: 122/129 MP: 15/15
 14321 | Lair:5   | Reached ****** piety under Okawaru
 14355 | Lair:5   | Received a gift from Okawaru
 14462 | Lair:5   | Reached skill level 15 in Axes
 14699 | Lair:5   | Found a corrupted altar of Lugonu.
 14699 | Lair:5   | Found a one-way gate to the infinite horrors of the Abyss.
 15270 | Orc:1    | Entered Level 1 of the Orcish Mines
 15307 | Orc:2    | Entered Level 2 of the Orcish Mines
 15564 | Orc:2    | Found Taackevao's CLEARANCE SALE!.
 15567 | Orc:2    | Found a staircase to the Elven Halls.
 15705 | Orc:2    | Found Yfrapuiwn's Jewellery Shoppe.
 15764 | Orc:2    | Found an ancient bone altar of Kikubaaqudgha.
 15770 | Orc:2    | Received a gift from Okawaru
 15775 | Orc:2    | Found Upsuvouf's Antique Armour Shoppe.
 15800 | Orc:2    | Found a radiant altar of Vehumet.
 15909 | Orc:2    | Found Mios's Antique Armour Shoppe.
 15936 | Orc:2    | Found Extac's Magic Scroll Emporium.
 15958 | Orc:2    | Bought a scroll of enchant weapon for 120 gold pieces
 16162 | Orc:1    | Found Icvihu Ezys's Overcharged Wands.
 16260 | Orc:1    | Noticed an orc warlord
 16350 | Orc:1    | Killed an orc warlord
 17001 | D:12     | Received a gift from Okawaru
 17501 | D:13     | Reached skill level 5 in Invocations
 17506 | D:13     | Reached skill level 16 in Axes
 17587 | D:13     | Found Ecsyimeg's Antique Armour Emporium.
 17669 | D:13     | Bought the +2 shield of Resistance {rF++ rC++ Will++} for
                  | 1621 gold pieces
 17669 | D:13     | Found the +2 shield of Resistance {rF++ rC++ Will++}
 17669 | D:13     | Bought a pair of glowing boots for 172 gold pieces
 17731 | D:13     | Found Orutoal's Magic Scroll Emporium.
 17759 | D:13     | Reached XP level 15. HP: 138/138 MP: 17/17
 18067 | D:14     | Found a frozen archway.
 18116 | IceCv    | Entered an ice cave
 18252 | IceCv    | Identified the +1 great mace "Jelly's Peril" {venom, rC++
                  | Dex-2} (Okawaru gifted it to you in an ice cave)
 18252 | IceCv    | Received a gift from Okawaru
 18426 | IceCv    | Noticed an Ice Fiend
 18447 | IceCv    | Killed an Ice Fiend
 18932 | IceCv    | Acquired 885 gold pieces
 19004 | D:14     | Reached skill level 17 in Axes
 19494 | D:14     | Received a gift from Okawaru
 19515 | D:14     | Found a gate to the Vaults.
 19821 | D:15     | Entered Level 15 of the Dungeon
 19886 | D:15     | Identified Roxanne's Discourse on Transmogrification
 19886 | D:15     | Noticed Roxanne
 19904 | D:15     | Killed Roxanne
 19944 | D:15     | Noticed an emperor scorpion
 19960 | D:15     | Killed an emperor scorpion
 19966 | D:15     | Reached XP level 16. HP: 56/147 MP: 20/20
 20012 | D:15     | Reached skill level 15 in Armour
 20063 | D:15     | Found a staircase to the Depths.
 20320 | D:15     | Noticed Nessos
 20321 | D:15     | Reached skill level 15 in Fighting
 20336 | D:15     | Killed Nessos
 20911 | Depths:1 | Entered Level 1 of the Depths
 20917 | Depths:1 | Found a gateway to Hell.
 20940 | Depths:1 | Noticed an ancient champion
 20941 | Depths:1 | Reached skill level 1 in Ranged Weapons
 20947 | Depths:1 | Killed an ancient champion
 21031 | Depths:1 | Reached skill level 18 in Axes
 21097 | Depths:1 | Identified the +10 falchion "Puaqapipt" {freeze, Str+3
                  | Int+2} (Okawaru gifted it to you on level 1 of the Depths)
 21097 | Depths:1 | Received a gift from Okawaru
 21678 | Depths:1 | Found an iron altar of Okawaru.
 21679 | Depths:1 | You fall into a shaft and drop 1 floor!
 21688 | Depths:2 | Noticed a tengu reaver
 21702 | Depths:2 | Killed a tengu reaver
 21814 | Depths:2 | Found a one-way gate leading to the halls of Pandemonium.
 21815 | Depths:2 | Noticed a lich
 21815 | Depths:2 | Noticed a golden dragon
 21816 | Depths:2 | Noticed a walking crystal tome
 21817 | Depths:2 | Noticed a golden dragon
 21817 | Depths:2 | Noticed a storm dragon
 21820 | Depths:2 | Noticed a lich
 21827 | Depths:2 | Received a gift from Okawaru
 21828 | Depths:2 | Killed a golden dragon
 21828 | Depths:2 | Paralysed by a floating eye for 3 turns
 21829 | Depths:2 | Noticed a lich
 21831 | Depths:2 | HP: 4/146 [iron troll (6)]
 21831 | Depths:2 | Mangled by an iron troll

Illustrated notes

Levels and vault maps discovered:
D:1:      amcnicky_arrival_feature_with_door, layout_basic,
          kennysheep_decorative_pillar
D:2:      layout_loops_corners, hellmonk_ecumenical_altar_inner_sanctum,
          serial_shops, nicolae_shop_stone, minivault_19, minmay_tetromino_o2
D:3:      layout_loops_corners, good_gods_mini_temple, serial_shops, shop,
          uniq_terence
D:4:      layout_layer_cave, nicolae_gozag_seed_capital, serial_bayou_ford_a,
          uniq_crazy_yiuf_cottage
D:5:      layout_basic, kennysheep_little_box, portal_sewer_entry_e,
          gammafunk_ghost_stat_death, nicolae_wormholes, uniq_menkaure,
          uniq_grinder
D:6:      layout_basic, minmay_overflow_temple_star_hex
D:7:      layout_loops_ring, mainiacjoe_overflow_surrounded_room,
          nicolae_uskayaw_murder_on_the_dancefloor, lemuel_crystal_altar,
          minmay_temple_entry_wispy
D:8:      layout_basic, mainiacjoe_overflow_tiny_flanked,
          lightli_church_of_beogh, uniq_joseph
D:9:      kennysheep_seaside_town, layout_long_grid, kennysheep_pointless_box,
          kennysheep_generic_room_2
D:10:     layout_rooms, lair_entry_dummy, enter_bailey_2, uniq_maggie,
          uniq_lodul, uniq_psyche
D:11:     layout_roguey, david_orc_4, minmay_misc_feat_alley
D:12:     layout_grid_maze, lightli_corner_chamber
D:13:     layout_cross, serial_park, serial_park_fountain, serial_park_tiny_1,
          serial_park_square1 [serial_park_minivault_5x5_4],
          serial_park_square2, serial_park_tiny_1, serial_park_tiny_pond,
          serial_shops, shop_fountains, nicolae_shop_crystal
D:14:     layout_roguey [special_room_orc], david_vaults_5,
          portal_ice_cave_entry_ugly_swarm
D:15:     hangedman_depths_entry_try_elsewhere_first, layout_irregular_city,
          nicolae_concentric_dashed_squares_mild, uniq_roxanne, uniq_nessos
Temple:   nicolae_temple_bog_church
Lair:1:   layout_regular_city, uniq_nergalle, uniq_erica, uniq_amaemon
Lair:2:   layout_chaotic_city, minmay_swamp_entry_worms,
          guppyfry_snake_entry_island, infiniplex_staircase_pool,
          grunt_megastairs_5, uniq_gastronok, uniq_harold
Lair:3:   layout_roguey, ebering_ghost_funeral_grove, serial_bayou_shore_a
Lair:4:   layout_roguey, slime_entry_2, beast_lair_carwin_6, grunt_megastairs_1,
          uniq_josephine, uniq_sonja
Lair:5:   hellmonk_lair_end_abyssal_woods, layout_regular_city, st_stairs_4,
          minivault_19, minivault_27, lemuel_fruit_tree, uniq_urug
Orc:1:    layout_diamond_mine, nicolae_orc_stony_grotto,
          nicolae_shop_overcharged_wands
Orc:2:    kennysheep_orc_mage_school, layout_caves, nicolae_shop_clearance
Depths:1: layout_gridville, enter_ziggurat_a, grunt_mini_vestibule,
          serial_bayou, serial_bayou_shore_b, serial_bayou_crossing,
          serial_bayou_lake_a, serial_bayou_lagoon_a, minmay_misc_feat_cross,
          st_stairs_4, okawaru_gym_becter
Depths:2: minmay_central_circle, layout_cave_pools, hell_entry,
          bh_walls_and_bars, pan_entry

Skill      XL: |  1  2  3  4  5  6  7  8  9 10 11 12 13 14 15 16 |
---------------+-------------------------------------------------+-----
Axes           | 3 4 8 10 12 14 16 17 18 | 18.5
Shields        | 4 5 6 7 9 10 11 12 13 | 13.6
Armour         | 4 5 6 7 8 10 11 12 13 14 15 | 15.6
Fighting       | 4 5 6 7 8 10 11 12 13 14 15 | 15.5
Maces & Flails | 2 4 6 8 10 | 10.8
Dodging        | 3 5 7 8 10 11 12 | 12.7
Invocations    | 2 5 7 8 |  8.0
Ranged Weapons | 3 |  3.4

Action                     |  1- 3 |  4- 6 |  7- 9 | 10-12 | 13-15 | 16-18 || total
---------------------------+-------+-------+-------+-------+-------+-------++-------
  Melee: War axe           |    81 |    36 |       |   487 |   752 |   170 ||  1526
         Headbutt          |    13 |    14 |    40 |   108 |   193 |    51 ||   419
         Morningstar       |       |    89 |   238 |     1 |     4 |       ||   332
         Unarmed           |       |       |       |     5 |       |       ||     5
         Mace              |       |       |       |       |    24 |     7 ||    31
 Invoke: Heroism           |       |       |       |     5 |     7 |     2 ||    14
         Finesse           |       |       |       |       |     4 |     2 ||     6
    Use: Scroll            |       |     9 |     6 |     6 |    14 |     3 ||    38
         Potion            |       |       |     1 |     1 |     4 |       ||     6
 Armour: Scale mail        |    40 |    60 |       |       |       |       ||   100
         Chain mail        |       |     9 |    98 |       |       |       ||   107
         Plate armour      |       |       |    55 |       |       |       ||    55
         Crystal plate arm |       |       |    36 |   358 |   560 |   145 ||  1099
         Skin              |       |       |       |     4 |       |       ||     4
  Dodge: Dodged            |    31 |    35 |   120 |   139 |   233 |    79 ||   637
         Repelled          |       |       |       |     2 |     5 |     5 ||    12
  Block: Buckler           |    18 |    17 |    88 |    19 |       |       ||   142
         Kite shield       |       |       |       |   242 |   613 |   168 ||  1023

Table legend: (Time is in decaauts)
 A = Elapsed time spent in this place.
 B = Non-inter-level travel time spent in this place.
 C = Inter-level travel time spent in this place.
 D = Time resting spent in this place.
 E = Time spent auto-exploring this place.
 F = Levels seen in this place.
 G = Mean time per level.
                   A        B        C        D        E       F      G
               +--------+--------+--------+--------+--------+-----+--------+
         Total |  22117 |  19172 |   2945 |      0 |  14664 |  28 |  789.9 |
       Dungeon |  13397 |  11041 |   2356 |      0 |   8651 |  15 |  893.1 |
        Temple |    246 |    171 |     75 |      0 |    149 |   1 |  246.0 |
          Lair |   4607 |   4228 |    379 |      0 |   3294 |   5 |  921.4 |
  Orcish Mines |   1475 |   1379 |     96 |      0 |   1099 |   2 |  737.5 |
        Depths |    955 |    916 |     39 |      0 |    645 |   2 |  477.5 |
         Sewer |    294 |    294 |      0 |      0 |    184 |   1 |  294.0 |
        Bailey |    279 |    279 |      0 |      0 |    120 |   1 |  279.0 |
      Ice Cave |    861 |    861 |      0 |      0 |    520 |   1 |  861.0 |
               +--------+--------+--------+--------+--------+-----+--------+

Top non-repeatable levels by time:
     D:4: 1318 daAuts
  Lair:5: 1285 daAuts
    D:14: 1106 daAuts
  Lair:4: 1071 daAuts
     D:9: 1019 daAuts
    D:15: 1012 daAuts
     D:2: 1011 daAuts
     D:3: 1010 daAuts
     D:6: 980 daAuts
    D:12: 980 daAuts
   Orc:2: 937 daAuts
     D:5: 872 daAuts
  Lair:1: 862 daAuts
   IceCv: 861 daAuts
  Lair:3: 844 daAuts
